 Dungeon Crawl Stone Soup version 0.31-a0-836-g3ceb0a68c4 (console) character file.

Game seed: 18052194668165953328

17131 jejorda2 the Cleaver (level 12, -5/145 HPs)
             Began as a Gnoll Berserker on Sept 26, 2023.
             Was a High Priest of Trog.
             Slain by a cane toad (8 damage)
             ... on level 3 of the Lair of Beasts.
             The game lasted 00:29:26 (12287 turns).

jejorda2 the Cleaver (Gnoll Berserker)             Turns: 12287, Time: 00:29:28

Health: -5/145     AC: 22    Str: 20    XL:     12   Next: 44%
Magic:  23/23      EV:  9    Int:  8    God:    Trog [*****.]
Gold:   655        SH:  0    Dex: 12    Spells: 25/25 levels left

rFire   . . .        a - +0 war axe
rCold   . . .        (no shield)
rNeg    + . .        n - +0 plate armour
rPois   .            e - +2 helmet
rElec   .            r - +2 cloak {Stlth+}
rCorr   .            o - +0 pair of gloves
SInv    .            (no boots)
Will    ++...        B - amulet of faith Stlth
                     u - ring of positive energy
HPRegen 1.44/turn    h - +4 ring of slaying
MPRegen 0.18/turn

%: faith
@: berserking (expiring), lethally poisoned (-5 -> -25), marked, strong-willed,
regenerating, very quick
A: fangs 1, strong nose, distributed training
a: Renounce Religion, Berserk, Trog's Hand, Brothers in Arms


You were on level 3 of the Lair of Beasts.
You worshipped Trog.
Trog was extremely pleased with you.
You visited 2 branches of the dungeon, and saw 12 of its levels.
You also visited: Sewer.

You collected 655 gold pieces.

Inventory:

Hand Weapons
 a - a +0 war axe (weapon)
 b - a +0 dire flail
Missiles
 k - 17 poisoned darts (quivered)
 q - 2 throwing nets
 E - a curare-tipped dart
 G - 9 boomerangs
Armour
 e - a +2 helmet (worn)
 n - a +0 plate armour (worn)
 o - a +0 pair of gloves (worn)
 r - a +2 cloak of stealth (worn)
 z - a +2 ring mail of fire resistance
Jewellery
 h - a +4 ring of slaying (right hand)
 u - a ring of positive energy (left hand)
 B - an amulet of faith (around neck)
 K - a ring of ice
Wands
 t - a wand of digging (4)
 y - a wand of mindburst (5)
 C - a wand of charming (20)
 D - a wand of flame (8)
 I - a wand of roots (5)
Scrolls
 d - a scroll of blinking
 f - a scroll of fear
 i - a scroll of fog
 s - 2 scrolls of enchant weapon
 x - a scroll of poison
 H - a scroll of identify
 J - 6 scrolls of teleportation
 L - a scroll of enchant armour
Potions
 c - a potion of resistance
 g - a potion of enlightenment
 j - 2 potions of might
 l - 7 potions of curing
 m - 2 potions of invisibility
 p - a potion of mutation
 w - 3 potions of attraction
 A - 2 potions of lignification
 F - a potion of ambrosia


   Skills:
 + Level 10.0 Fighting
 + Level 7.4 Short Blades
 + Level 7.4 Long Blades
 + Level 10.0 Axes
 + Level 7.4 Maces & Flails
 + Level 7.4 Polearms
 + Level 7.4 Staves
 + Level 7.4 Ranged Weapons
 + Level 7.4 Throwing
 + Level 8.8 Armour
 + Level 8.8 Dodging
 + Level 7.4 Stealth
 + Level 7.4 Shields
 + Level 7.4 Unarmed Combat
 + Level 7.4 Spellcasting
 + Level 6.1 Conjurations
 + Level 6.1 Hexes
 + Level 6.1 Summonings
 + Level 6.1 Necromancy
 + Level 6.1 Translocations
 + Level 6.1 Transmutations
 + Level 6.1 Fire Magic
 + Level 6.1 Ice Magic
 + Level 6.1 Air Magic
 + Level 6.1 Earth Magic
 + Level 6.1 Poison Magic
 + Level 8.1 Invocations
 + Level 7.4 Evocations
 + Level 6.7 Shapeshifting


You had 25 spell levels left.
You didn't know any spells.
Your spell library was empty.

Dungeon Overview and Level Annotations

Branches:
Dungeon (9/15)             Temple (0/1) D:6            Lair (3/5) D:8
  Swamp (0/4) Lair:2          Orc (0/2) D:9           Sewer (visited)
  Snake: Lair:2-3    Spider: Lair:2-3

Altars:
Makhleb
The Shining One

Portals:
Ice
Cave: Lair:3


Innate Abilities, Weirdness & Mutations

You have very sharp teeth.
Your uncanny sense of smell can sniff out nearby items.
Your experience applies equally to all skills.


Message History

Trog accepts your kill.
You slash the wolf!
You kill the wolf!
Trog accepts your kill.
You slice the water moccasin!!
You kill the water moccasin!
Trog accepts your kill.
You feel very sick.
The black mamba bites you but does no damage.
Your Fighting skill increases to level 10!
Your Axes skill increases to level 10!
Unknown command.
Unknown command.
You slash the black mamba!
You kill the black mamba!
Trog accepts your kill.
You closely miss the black mamba. You closely miss the wolf.
You feel very sick. The black mamba bites you.
* * * LOW HITPOINT WARNING * * *
The wolf bites you.
* * * LOW HITPOINT WARNING * * *
A bullfrog comes into view.
The black mamba bites you but does no damage.
You hit the cane toad.
The cane toad is lightly wounded.
You slash the black mamba! You miss the wolf.
You feel very sick. The wolf barely misses you. The cane toad stings you!
* * * LOW HITPOINT WARNING * * *
You are lethally poisoned!
The cane toad poisons you! The black mamba closely misses you.
The wolf bites you but does no damage.
You hit the cane toad.
The cane toad is lightly wounded.
You closely miss the wolf. You closely miss the black mamba.
* * * LOW HITPOINT WARNING * * *
You feel very sick. The cane toad stings you!
You die...

#.. ..r. ....
###### ### .FY#.
#.#.#.##@##.Y...
#......ShFlY#.∩.
#......FhYrF....
#............#.
#..............
..##.....†........
..................
..(....<..........
..................


You could see a black mamba, 2 yaks, a cane toad, a basilisk, a blink frog, 2
wolves, a bullfrog and a hell rat.

Vanquished Creatures
  An eleionoma (Lair:2)
  A two-headed ogre (D:9)
  A skyshark (Lair:2)
  Pikel (D:6)
  2 black mambas
  4 cane toads
  Psyche (D:8)
  A rime drake (Lair:1)
  5 komodo dragons
  Prince Ribbit (D:5)
  A blink frog (Lair:3)
  Sigmund (D:1)
  3 wyverns
  34 yaks
  2 steam dragons
  Menkaure (D:6)
  Edmund (D:6)
  Duvessa (D:4)
  An acid dragon (D:8)
  8 water moccasins
  4 orc warriors (D:9)
  A sky beast (D:7)
  An ice beast (D:7)
  A wolf (Lair:3)
  2 centaurs (D:8)
  2 kobold brigands
  A phantom (D:4)
  3 lemures (D:6)
  11 bullfrogs
  Blork the orc (D:6)
  2 gnoll sergeants
  4 scorpions
  Dowan (D:4)
  3 killer bees
  6 electric eels (D:9)
  7 orc priests
  4 hounds
  Crazy Yiuf (D:2)
  An iron imp (D:7)
  A sleepcap (D:5)
  Jessica (D:2)
  Ijyb (D:3)
  Terence (D:3)
  6 iguanas
  7 orc wizards
  A hell rat (Lair:3)
  13 adders
  15 gnolls
  A shadow imp (D:7)
  3 white imps
  An ufetubus (D:6)
  4 worms
  5 dart slugs
  20 orcs
  13 ball pythons
  8 endoplasms
  10 giant cockroaches
  5 hobgoblins
  20 quokkas
  6 bats
  12 frilled lizards
  7 goblins
  2 goblin skeletons (D:7)
  12 kobolds
  A kobold zombie (D:7)
  2 orc zombies (D:7)
  8 rats
313 creatures vanquished.

Vanquished Creatures (collateral kills)
  A blink frog (Lair:3)
  A wolf (Lair:3)
  A bullfrog (Lair:3)
3 creatures vanquished.

Vanquished Creatures (others)
  An adder (D:6)
1 creature vanquished.

Grand Total: 317 creatures vanquished

Notes
Turn   | Place    | Note
-------+----------+-------------------------------------------
     0 | D:1      | jejorda2 the Gnoll Berserker began the quest for the Orb.
     0 | D:1      | Reached XP level 1. HP: 23/23 MP: 1/1
    68 | D:1      | Found a faded altar of an unknown god.
   187 | D:1      | Reached XP level 2. HP: 28/29 MP: 2/2
   574 | D:1      | Reached XP level 3. HP: 35/35 MP: 3/3
  1117 | D:2      | Reached skill level 1 in Invocations
  1261 | D:2      | Reached ** piety under Trog
  1422 | D:2      | Noticed Jessica
  1444 | D:2      | Killed Jessica
  1445 | D:2      | Reached skill level 1 in Short Blades
  1445 | D:2      | Reached skill level 1 in Long Blades
  1445 | D:2      | Reached skill level 1 in Maces & Flails
  1445 | D:2      | Reached skill level 1 in Polearms
  1445 | D:2      | Reached skill level 1 in Staves
  1445 | D:2      | Reached skill level 1 in Ranged Weapons
  1445 | D:2      | Reached skill level 1 in Throwing
  1445 | D:2      | Reached skill level 1 in Stealth
  1445 | D:2      | Reached skill level 1 in Shields
  1445 | D:2      | Reached skill level 1 in Unarmed Combat
  1445 | D:2      | Reached skill level 1 in Spellcasting
  1445 | D:2      | Reached skill level 1 in Evocations
  1445 | D:2      | Reached skill level 1 in Shapeshifting
  1445 | D:2      | Reached XP level 4. HP: 9/41 MP: 5/5
  1608 | D:2      | Noticed Sigmund
  1674 | D:1      | Killed Sigmund
  1675 | D:1      | Reached skill level 1 in Conjurations
  1675 | D:1      | Reached skill level 1 in Hexes
  1675 | D:1      | Reached skill level 1 in Summonings
  1675 | D:1      | Reached skill level 1 in Necromancy
  1675 | D:1      | Reached skill level 1 in Translocations
  1675 | D:1      | Reached skill level 1 in Transmutations
  1675 | D:1      | Reached skill level 1 in Fire Magic
  1675 | D:1      | Reached skill level 1 in Ice Magic
  1675 | D:1      | Reached skill level 1 in Air Magic
  1675 | D:1      | Reached skill level 1 in Earth Magic
  1675 | D:1      | Reached skill level 1 in Poison Magic
  1675 | D:1      | Reached XP level 5. HP: 42/47 MP: 5/7
  1675 | D:1      | Reached XP level 6. HP: 47/53 MP: 5/8
  1999 | D:2      | Reached skill level 5 in Armour
  1999 | D:2      | Reached skill level 5 in Dodging
  2108 | D:2      | Found a runed translucent door.
  2109 | D:2      | Noticed Crazy Yiuf
  2122 | D:2      | Killed Crazy Yiuf
  2693 | D:3      | Noticed Terence
  2711 | D:3      | Killed Terence
  3151 | D:3      | Noticed Ijyb
  3166 | D:3      | Killed Ijyb
  3263 | D:3      | You fall into a shaft and drop 3 floors!
  3267 | D:6      | Noticed Edmund
  3274 | D:6      | Noticed Menkaure
  3283 | D:6      | Killed Menkaure
  3284 | D:6      | Reached XP level 7. HP: 48/60 MP: 10/10
  3295 | D:6      | Killed Edmund
  3431 | D:6      | Found a staircase to the Ecumenical Temple.
  3498 | D:6      | Noticed Pikel
  3678 | D:6      | Killed Pikel
  3679 | D:6      | Reached XP level 8. HP: 67/67 MP: 11/13
  3943 | D:6      | Noticed Blork the orc
  3948 | D:6      | Killed Blork the orc
  4207 | D:5      | Entered Level 5 of the Dungeon
  4283 | D:5      | Found a glowing drain.
  4287 | Sewer    | Entered a sewer
  4551 | Sewer    | Reached *** piety under Trog
  4684 | D:5      | Reached XP level 9. HP: 71/73 MP: 14/14
  5531 | D:5      | Noticed Prince Ribbit
  5546 | D:5      | Killed Prince Ribbit
  6381 | D:4      | Noticed Duvessa
  6385 | D:4      | Noticed Dowan
  6396 | D:4      | Killed Duvessa
  6400 | D:4      | Killed Dowan
  6400 | D:4      | Reached **** piety under Trog
  6968 | D:7      | Reached skill level 5 in Invocations
  7007 | D:7      | Found a burning altar of Makhleb.
  7259 | D:7      | Reached XP level 10. HP: 80/80 MP: 17/17
  7262 | D:7      | Reached skill level 5 in Short Blades
  7262 | D:7      | Reached skill level 5 in Long Blades
  7262 | D:7      | Reached skill level 5 in Maces & Flails
  7262 | D:7      | Reached skill level 5 in Polearms
  7262 | D:7      | Reached skill level 5 in Staves
  7262 | D:7      | Reached skill level 5 in Ranged Weapons
  7262 | D:7      | Reached skill level 5 in Throwing
  7262 | D:7      | Reached skill level 5 in Stealth
  7262 | D:7      | Reached skill level 5 in Shields
  7262 | D:7      | Reached skill level 5 in Unarmed Combat
  7262 | D:7      | Reached skill level 5 in Spellcasting
  7262 | D:7      | Reached skill level 5 in Evocations
  7556 | D:7      | Found a glowing golden altar of the Shining One.
  8080 | D:8      | Reached ***** piety under Trog
  8127 | D:8      | Noticed Psyche
  8148 | D:8      | Reached skill level 5 in Shapeshifting
  8148 | D:8      | Killed Psyche
  8234 | D:8      | Identified the +1 orcbow of the Zealous God {freeze,
                  | *Corrode MP+9 Dex+2}
  8454 | D:8      | Found a staircase to the Lair.
  8653 | D:9      | Noticed a two-headed ogre
  8657 | D:9      | Killed a two-headed ogre
  8898 | D:9      | Reached XP level 11. HP: 85/87 MP: 19/19
  9022 | D:9      | Reached skill level 5 in Conjurations
  9022 | D:9      | Reached skill level 5 in Hexes
  9022 | D:9      | Reached skill level 5 in Summonings
  9022 | D:9      | Reached skill level 5 in Necromancy
  9022 | D:9      | Reached skill level 5 in Translocations
  9022 | D:9      | Reached skill level 5 in Transmutations
  9022 | D:9      | Reached skill level 5 in Fire Magic
  9022 | D:9      | Reached skill level 5 in Ice Magic
  9022 | D:9      | Reached skill level 5 in Air Magic
  9022 | D:9      | Reached skill level 5 in Earth Magic
  9022 | D:9      | Reached skill level 5 in Poison Magic
  9161 | D:9      | Found a staircase to the Orcish Mines.
  9589 | Lair:1   | Entered Level 1 of the Lair of Beasts
 10264 | Lair:1   | Received a gift from Trog
 10899 | Lair:2   | Noticed a skyshark
 10909 | Lair:2   | Killed a skyshark
 11400 | Lair:2   | Reached XP level 12. HP: 83/97 MP: 22/22
 11666 | Lair:2   | Found a staircase to the Swamp.
 11666 | Lair:2   | Noticed an eleionoma
 11678 | Lair:2   | Killed an eleionoma
 12262 | Lair:3   | Found a frozen archway.
 12285 | Lair:3   | Reached skill level 10 in Fighting
 12285 | Lair:3   | Reached skill level 10 in Axes
 12287 | Lair:3   | HP: 3/145 [poisoned by a cane toad]
 12287 | Lair:3   | Slain by a cane toad

Illustrated notes

Levels and vault maps discovered:
D:1:      sevenhm_arrival_forest_fort_small_5, layout_basic,
          ebering_ecumenical_altar_abandoned
D:2:      minmay_inner_zag, layout_basic, uniq_jessica, uniq_sigmund,
          uniq_crazy_yiuf_cottage
D:3:      layout_loops_cross, hangedman_decor_points, uniq_terence, uniq_ijyb
D:4:      layout_basic, uniq_duvessa
D:5:      layout_gridville, gup_sewer_entry_bowl, uniq_prince_ribbit1
D:6:      layout_layer_cave, lemuel_temple_firewalk_a, uniq_blork_the_orc,
          uniq_edmund, uniq_pikel, uniq_menkaure
D:7:      layout_basic, nicolae_tso_besieged_by_evil,
          mainiacjoe_overflow_cross_hatched
D:8:      layout_basic, lair_entry_dummy, serial_park_tiny_2, uniq_psyche
D:9:      layout_loops_ring, erik_orc_2
Lair:1:   layout_chaotic_city
Lair:2:   layout_big_grid, alex1729_swamp_entry_worm_eleionoma,
          cheibrodos_lair_reptile_den, lemuel_fruit_tree
Lair:3:   minmay_lair_venomous_thicket, layout_gridlike,
          guppyfry_snake_entry_garden, portal_ice_cave_entry_pillars_1,
          minivault_26

Skill      XL: |  1  2  3  4  5  6  7  8  9 10 11 12 |
---------------+-------------------------------------+-----
Invocations    | 1 2 3 4 5 6 7 8 |  8.1
Short Blades   | 1 2 3 4 5 6 7 |  7.4
Long Blades    | 1 2 3 4 5 6 7 |  7.4
Maces & Flails | 1 2 3 4 5 6 7 |  7.4
Polearms       | 1 2 3 4 5 6 7 |  7.4
Staves         | 1 2 3 4 5 6 7 |  7.4
Ranged Weapons | 1 2 3 4 5 6 7 |  7.4
Throwing       | 1 2 3 4 5 6 7 |  7.4
Stealth        | 1 2 3 4 5 6 7 |  7.4
Shields        | 1 2 3 4 5 6 7 |  7.4
Unarmed Combat | 1 2 3 4 5 6 7 |  7.4
Spellcasting   | 1 2 3 4 5 6 7 |  7.4
Evocations     | 1 2 3 4 5 6 7 |  7.4
Shapeshifting  | 1 2 3 4 5 6 |  6.7
Conjurations   | 1 2 3 4 5 6 |  6.1
Hexes          | 1 2 3 4 5 6 |  6.1
Summonings     | 1 2 3 4 5 6 |  6.1
Necromancy     | 1 2 3 4 5 6 |  6.1
Translocations | 1 2 3 4 5 6 |  6.1
Transmutations | 1 2 3 4 5 6 |  6.1
Fire Magic     | 1 2 3 4 5 6 |  6.1
Ice Magic      | 1 2 3 4 5 6 |  6.1
Air Magic      | 1 2 3 4 5 6 |  6.1
Earth Magic    | 1 2 3 4 5 6 |  6.1
Poison Magic   | 1 2 3 4 5 6 |  6.1
Armour         | 5 6 7 8 |  8.8
Dodging        | 5 6 7 8 |  8.8
Fighting       | 7 8 9 10 | 10.0
Axes           | 7 8 9 10 | 10.0

Action                     |  1- 3 |  4- 6 |  7- 9 | 10-12 || total
---------------------------+-------+-------+-------+-------++-------
  Melee: Hand axe          |    97 |   127 |   486 |       ||   710
         Bite              |     8 |    11 |    52 |    53 ||   124
         Punch             |     3 |     4 |    16 |    27 ||    50
         War axe           |       |       |     6 |   373 ||   379
  Throw: Dart              |       |       |       |     6 ||     6
 Invoke: Berserk           |     1 |     3 |     8 |    14 ||    26
         Trog's Hand       |       |     2 |     6 |     3 ||    11
         Brothers in Arms  |       |       |       |     1 ||     1
  Evoke: Wand              |       |       |     1 |    18 ||    19
    Use: Scroll            |       |       |    19 |     9 ||    28
         Potion            |       |       |     2 |     1 ||     3
 Armour: Animal skin       |     6 |       |       |       ||     6
         Leather armour    |    10 |       |       |       ||    10
         Chain mail        |    24 |       |       |       ||    24
         Plate armour      |    10 |   102 |   422 |   403 ||   937
  Dodge: Dodged            |    40 |    49 |   157 |   153 ||   399

Table legend: (Time is in decaauts)
 A = Elapsed time spent in this place.
 B = Non-inter-level travel time spent in this place.
 C = Inter-level travel time spent in this place.
 D = Time resting spent in this place.
 E = Time spent auto-exploring this place.
 F = Levels seen in this place.
 G = Mean time per level.
                   A        B        C        D        E       F      G
               +--------+--------+--------+--------+--------+-----+--------+
         Total |  12537 |  11949 |    588 |   1324 |   8270 |  13 |  964.4 |
       Dungeon |   9536 |   9050 |    486 |    850 |   6434 |   9 | 1059.6 |
          Lair |   2577 |   2475 |    102 |    460 |   1693 |   3 |  859.0 |
         Sewer |    423 |    423 |      0 |     13 |    142 |   1 |  423.0 |
               +--------+--------+--------+--------+--------+-----+--------+

Top non-repeatable levels by time:
     D:2: 1559 daAuts
  Lair:1: 1350 daAuts
  Lair:2: 1201 daAuts
     D:5: 1121 daAuts
     D:7: 1086 daAuts
     D:9: 1041 daAuts
     D:1: 1027 daAuts
     D:6: 1016 daAuts
     D:4: 976 daAuts
     D:8: 864 daAuts
     D:3: 843 daAuts
   Sewer: 423 daAuts
  Lair:3: 26 daAuts
